 Dungeon Crawl Stone Soup version 0.30.1-3-gfc49f6343a (webtiles) character file.

Game seed: 11095742022530673243

2440623 GeoRichter the Acrobat (level 26, 75/224 HPs)
             Began as a Merfolk Gladiator on July 31, 2023.
             Was the Champion of Lugonu.
             Escaped with the Orb
             ... and 4 runes on Aug 1, 2023!
             The game lasted 03:00:42 (62869 turns).

GeoRichter the Acrobat (Merfolk Gladiator)         Turns: 62869, Time: 03:00:43

Health: 75/224     AC: 19    Str: 15    XL:     26   Next: 90%
Magic:  33/33      EV: 35    Int: 16    God:    Lugonu [******]
Gold:   4867       SH: 28    Dex: 34    Spells: 20/37 levels left

rFire   + + .        a - +9 demon blade (distort)
rCold   + . .        Q - +5 kite shield
rNeg    + . .        s - quicksilver dragon scales
rPois   +            o - +2 hat {Int+3}
rElec   +            X - scarf {rC+ rF+}
rCorr   .            I - +2 pair of gloves {hurl}
SInv    +            U - +1 pair of boots {Fly}
Will    +++..        N - amulet "Fianangawn" {Reflect rF+ rN+ Will+ Int+5 SH+5}
Stlth   +            J - ring "Olitafy" {rElec rPois Dex+6 Slay+2}
HPRegen 0.57/turn    v - ring of see invisible
MPRegen 0.23/turn

%: reflection
@: flying, hasted, very quick
A: (nimble swimmer 2), mertail, agile 1, low MP 1
0: Orb of Zot
}: 4/15 runes: barnacled, silver, abyssal, gossamer
a: Renounce Religion, Depart the Abyss, Banish, Corrupt, Enter the Abyss


You escaped.
You worshipped Lugonu.
Lugonu was exalted by your worship.
You visited 10 branches of the dungeon, and saw 48 of its levels.
You visited the Abyss 2 times.
You visited 1 bazaar.
You also visited: Bailey and Ice Cave.

You collected 7832 gold pieces.
You spent 2965 gold pieces at shops.

Inventory:

Hand Weapons
 a - a +9 demon blade of distortion (weapon)
   (You found it on level 10 of the Dungeon)
 b - a +9 antimagic demon blade
   (You acquired it on level 9 of the Dungeon)
Missiles
 d - 7 throwing nets {!f}
 B - 14 silver javelins
 S - 14 javelins
Armour
 o - a +2 hat of intelligence (worn)
   (You found it on level 4 of the Spider Nest)
 s - quicksilver dragon scales (worn)
   (You found it on level 5 of the Vaults)
 I - a +2 pair of gloves of hurling (worn)
   (You bought it in a shop on level 8 of the Dungeon)
 Q - a +5 kite shield (worn)
   (You took it off Donald on level 1 of the Spider Nest)
 R - the scarf of Prudence {repulsion, rF++ rC-}
   (You found it on level 5 of the Lair of Beasts)

   rF:        It greatly protects you from fire.
   rC:        It makes you vulnerable to cold.
 U - a +1 pair of boots of flying (worn)
   (You found it on level 10 of the Dungeon)
 X - a scarf of resistance (worn)
   (You found it in an ice cave)
Jewellery
 j - the ring of the Median {rPois rCorr MP+9 AC+4}
   (You found it on level 3 of the Depths)

   [ring of protection]

   AC:        It affects your AC (+4).
   rPois:     It protects you from poison.
   MP:        It affects your magic capacity (+9).
   rCorr:     It protects you from acid and corrosion.
 q - an amulet of regeneration
   (You found it on level 2 of the Dungeon)
 v - a ring of see invisible (right hand)
   (You found it on level 14 of the Dungeon)
 y - the ring "Eluenumo" {rC+ rN+ Will- rCorr Dex+5}
   (You found it on level 3 of the Elven Halls)

   [ring of protection from cold]

   Dex:       It affects your dexterity (+5).
   rC:        It protects you from cold.
   rN:        It protects you from negative energy.
   rCorr:     It protects you from acid and corrosion.
   Will:      It decreases your willpower.
 J - the ring "Olitafy" (left hand) {rElec rPois Dex+6 Slay+2}
   (You bought it in a shop on level 12 of the Dungeon)

   [ring of dexterity]

   Dex:       It affects your dexterity (+6).
   Slay:      It affects your accuracy & damage with ranged weapons and melee
   (+2).
   rElec:     It insulates you from electricity.
   rPois:     It protects you from poison.
 N - the amulet "Fianangawn" (around neck) {Reflect rF+ rN+ Will+ Int+5 SH+5}
   (You acquired it on level 2 of the Depths)

   [amulet of reflection]

   It reflects blocked missile attacks.
   Int:       It affects your intelligence (+5).
   rF:        It protects you from fire.
   rN:        It protects you from negative energy.
   SH:        It affects your SH (+5).
   Will:      It increases your willpower.
 T - the ring "Nicu Ahe" {rC+ Will+}
   (You bought it in a shop on level 4 of the Vaults)

   [ring of willpower]

   rC:        It protects you from cold.
   Will:      It increases your willpower.
Wands
 e - a wand of digging (21)
   (You took it off Maggie on level 2 of the Lair of Beasts)
 k - a wand of mindburst (19)
   (You found it on level 5 of the Lair of Beasts)
 A - a wand of acid (19)
   (You found it on level 3 of the Elven Halls)
 E - a wand of roots (20)
   (You found it on level 8 of the Dungeon)
 G - a wand of polymorph (6)
   (You took it off an ironbound convoker on level 5 of the Vaults)
Scrolls
 g - 3 scrolls of blinking
 l - 2 scrolls of silence
 m - 4 scrolls of enchant armour
 n - 10 scrolls of vulnerability {!r}
 p - 8 scrolls of immolation {!r}
 r - 7 scrolls of torment {!r}
 t - 6 scrolls of fog
 u - a scroll of magic mapping
 x - 10 scrolls of teleportation {@r4}
 D - 7 scrolls of fear
 V - 8 scrolls of amnesia
 Y - a scroll of summoning
Potions
 f - 16 potions of curing {@q1}
 h - 15 potions of attraction {!q}
 i - 7 potions of magic
 z - 11 potions of mutation {!q}
 C - 6 potions of cancellation
 F - 6 potions of might
 H - 8 potions of brilliance
 L - 2 potions of haste {@q3}
 M - 10 potions of lignification {!q}
 O - a potion of resistance
 P - 2 potions of invisibility
 Z - 12 potions of ambrosia
Miscellaneous
 c - a box of beasts
   (You found it on level 4 of the Spider Nest)
 w - a phantom mirror
   (You found it on level 3 of the Shoals)
 W - a condenser vane
   (You found it on level 9 of the Dungeon)


   Skills:
 + Level 21.6 Fighting
 - Level 14.0 Long Blades
 - Level 2.0 Throwing
 - Level 7.0 Armour
 + Level 22.3 Dodging
 - Level 4.0 Stealth
 + Level 16.7 Shields
 - Level 6.0 Spellcasting
 - Level 13.0 Hexes
 - Level 9.7 Necromancy
 - Level 15.2 Transmutations
 - Level 15.1 Earth Magic
 + Level 19.5 Invocations
 + Level 11.5 Evocations


You had 20 spell levels left.
You knew the following spells:

 Your Spells              Type           Power      Damage    Failure   Level
a - Yara's Violent Unrav  Hex/Tmut       24%        3d11      3%          5
b - Animate Dead          Necr           35%        N/A       8%          4
c - Statue Form           Tmut/Erth      34%        N/A       12%         6
d - Wereblood             Tmut           52%        N/A       1%          2

Your spell library contained the following spells:

 Spells                   Type           Power      Damage    Failure   Level
 Necrotise                Necr           100%       1d9       1%          1
 Sandblast                Erth           100%       2d20      1%          1
 Slow                     Hex            100%       N/A       1%          1
 Sting                    Tmut/Pois      100%       1d8       1%          1
 Passwall                 Tmut/Erth      43%        N/A       1%          2
 Confusing Touch          Hex            46%        N/A       1%          3
 Tukima's Dance           Hex            46%        N/A       1%          3
 Leda's Liquefaction      Hex/Erth       24%        N/A       1%          4
 Blade Hands              Tmut           26%        N/A       2%          5
 Anguish                  Hex/Necr       20%        N/A       3%          4
 Ensorcelled Hibernation  Hex/Ice        50%        N/A       4%          2
 Stone Arrow              Conj/Erth      58%        3d10      5%          3
 Borgnjor's Vile Clutch   Necr/Erth      22%        N/A       7%          5
 Dispel Undead            Necr           35%        3d15      8%          4
 Inner Flame              Hex/Fire       25%        N/A       9%          3
 Portal Projectile        Hex/Tloc       50%        N/A       9%          3
 Summon Guardian Golem    Hex/Summ       25%        N/A       9%          3
 Cigotuvi's Dreadful Rot  Necr/Pois/Air  30%        N/A       16%         2
 Ignite Poison            Fire/Tmut/Pois 21%        N/A       16%         3
 Ice Form                 Ice/Tmut       29%        N/A       17%         4
 Apportation              Tloc           8%         N/A       36%         1
 Foxfire                  Conj/Fire      16%        2x1d4     36%         1
 Summon Small Mammal      Summ           16%        N/A       36%         1
 Alistair's Intoxication  Tmut/Pois      19%        N/A       43%         5
 Irradiate                Conj/Tmut      14%        3d16      43%         5
 Blink                    Tloc           8%         N/A       52%         2
 Scorch                   Fire           8%         2d5       52%         2
 Static Discharge         Conj/Air       8%         2-3/arc   52%         2
 Dragon Form              Tmut           26%        N/A       54%         7
 Silence                  Hex/Air        12%        N/A       58%         5
 Summon Mana Viper        Hex/Summ       25%        N/A       58%         5
 Call Canine Familiar     Summ           4%         N/A       75%         3
 Gell's Gravitas          Tloc           4%         N/A       75%         3
 Hailstorm                Conj/Ice       4%         3d4       75%         3
 Ozocubu's Armour         Ice            4%         N/A       75%         3
 Teleport Other           Tloc           4%         N/A       75%         3
 Vhi's Electric Charge    Tloc/Air       8%         N/A       75%         3
 Volatile Blastmotes      Fire/Tloc      8%         2d10      75%         3
 Death Channel            Necr           17%        N/A       75%         6
 Enfeeble                 Hex            23%        N/A       85%         7
 Eringya's Noxious Bog    Tmut/Pois      14%        N/A       95%         6
 Iron Shot                Conj/Erth      14%        9d4       95%         6
 Airstrike                Air            2%         2d(1-17)  98%         4
 Flame Wave               Conj/Fire      4%         2d5       98%         4
 Manifold Assault         Tloc           4%         N/A       98%         4
 Olgreb's Toxic Radiance  Pois           4%         N/A       98%         4
 Passage of Golubria      Tloc           4%         N/A       98%         4
 Sticky Flame             Conj/Fire      4%         2d3       98%         4
 Summon Ice Beast         Ice/Summ       4%         N/A       98%         4
 Summon Lightning Spire   Summ/Air       4%         N/A       98%         4
 Arcjolt                  Conj/Air       2%         1d12      100%        5
 Fireball                 Conj/Fire      2%         3d4       100%        5
 Iskenderun's Battlesphe  Conj           4%         2d6       100%        5
 Conjure Ball Lightning   Conj/Air       2%         3x3d6     100%        6
 Dispersal                Tloc           2%         N/A       100%        6
 Plasma Beam              Fire/Air       2%         2x1d13    100%        6
 Simulacrum               Ice/Necr       10%        N/A       100%        6
 Starburst                Conj/Fire      2%         6d3       100%        6
 Summon Cactus Giant      Summ           2%         N/A       100%        6
 Monstrous Menagerie      Summ           2%         N/A       100%        7
 Orb of Destruction       Conj           2%         9d5       100%        7
 Ozocubu's Refrigeration  Ice            2%         4d7       100%        7
 Spellforged Servitor     Conj/Summ      2%         N/A       100%        7
 Storm Form               Tmut/Air       14%        N/A       100%        7
 Borgnjor's Revivificati  Necr           17%        N/A       100%        8
 Discord                  Hex            23%        N/A       100%        8
 Disjunction              Tloc           2%         N/A       100%        8
 Ignition                 Fire           2%         3d3       100%        8
 Lehudib's Crystal Spear  Conj/Erth      14%        10d5      100%        8
 Necromutation            Tmut/Necr      22%        N/A       100%        8
 Death's Door             Necr           17%        N/A       100%        9
 Shatter                  Erth           26%        3d22*     100%        9


Dungeon Overview and Level Annotations

Branches:
Dungeon (15/15)            Temple (1/1) D:7            Lair (5/5) D:11
 Shoals (4/4) Lair:3       Spider (4/4) Lair:3        Slime (0/5) Lair:5
    Orc (2/2) D:12            Elf (3/3) Orc:2        Vaults (5/5) D:13
  Crypt (0/3) Vaults:2     Depths (4/4) D:15            Zot (5/5) Depths:4
 Bailey (visited)           IceCv (visited)

Altars:
Ashenzari
Cheibriados
Dithmenos
Elyvilon
Fedhas
Gozag
Hepliaklqana
Kikubaaqudgha
Makhleb
Nemelex Xobeh
Okawaru
Qazlal
Ru
Sif Muna
Trog
Uskayaw
Vehumet
Wu Jian
Xom
Zin
The Shining One

Shops:
D:8 (!?*[   D:12 [=   D:15 (   Orc:1 =   Orc:2 *([=   Elf:2 [   Elf:3 (
Shoals:2 (   Vaults:4 *   Depths:1 *   Depths:3 ?

Portals:
Hell: Depths:1 Depths:2 Depths:3 Depths:4
Abyss: Depths:1 Depths:3
Pandemonium: Depths:2
Ziggurat: Depths:2

Annotations:
D:3 2 transporters, Atelerd's ghost, amateur OpEE
D:10 exclusion: orange crystal statue
Spider:3 Roxanne
Vaults:5 corrupted
Depths:2 exclusions: hell hog, hell knight, orange crystal statue and 1 more exclusion
Depths:4 1 runed translucent door, faxtax's ghost, veteran MiFi
Zot:2 2 transporters
Zot:5 1 transporter, corrupted
Abyss:1 Grunn


Innate Abilities, Weirdness & Mutations

((You are very nimble when in or above water. (Stealth+, EV+, Speed+++)))
Your lower body shifts to a powerful aquatic tail in water.
You are agile. (Dex +4, Str/Int -1)
Your magical capacity is low. (-10% MP)


Message History

There is a stone staircase leading up here.
You fly upwards.
There is a stone staircase leading down here.
Things that are here:
a +0 flail of holy wrath; a +0 robe; a +0 whip You see here a +0 spear.
There is a stone staircase leading up here.
You fly upwards.
There is a stone staircase leading down here.
A shadow demon comes into view.
You block the shadow demon's attack.
You chop the shadow demon into pieces!!!
Space warps horribly around the shadow demon!!
The shadow demon is almost dead.
You miss the shadow demon.
The shadow demon is almost dead.
You block the shadow demon's attack.
You slash the shadow demon!
You kill the shadow demon!
Lugonu accepts your kill.
No target in view!
(D) Dungeon (T) Temple (L) Lair (A) Shoals (N) Spider Nest (M) Slime Pits (O) Orcish Mines (E) Elven Halls (V) Vaults (C) Crypt (U) Depths (H) Hell (Z) Zot
Where to? (Enter - D:1, ? - help)
There is a stone staircase leading up here.
You fly upwards.
Level annotation: 2 transporters, Atelerd's ghost, amateur OpEE
There is a stone staircase leading down here.
There is a stone staircase leading up here.
You fly upwards.
There is a stone staircase leading down here.
There is a stone staircase leading up here.
You fly upwards.
There is a stone staircase leading down here.
A golden eye comes into view.
The golden eye moves out of view.
A Tzitzimitl comes into view.
The golden eye turns its gaze towards you.
The golden eye blinks!
There is an open gate here.
The Tzitzimitl calls on the powers of darkness!
Your body is wracked with pain!
The Tzitzimitl calls on the powers of darkness!
Your body is wracked with pain!
* * * LOW HITPOINT WARNING * * *
You feel yourself speed up.
There is a staircase leading out of the dungeon here.
You have escaped!

#.......... ####
#.......... #..##
#..........
#...#############.........
#.............# ##...#....
#.............####.#######
#.............#...)......#
#.###############...).....
#.#......@......#........#
#.#.............#........#
#.##...#####...##........#
#.##...## ##...#..........
#..##...# #...##..........
##.##...###...#...........
#..##..(#...##.#........#
##..#...#...#............
#..##.....##............


There were no monsters in sight!

Vanquished Creatures
  5 dread liches
  5 orbs of fire (Zot:5)
  An ancient lich (Zot:5)
  A Killer Klown (Zot:2)
  Saint Roka (Orc:2)
  5 golden dragons
  Nikola (Spider:2)
  2 bone dragons (Zot:1)
  A doom hound (Zot:1)
  A Tzitzimitl (Zot:1)
  2 electric golems
  Zenata (Elf:1)
  8 tentacled monstrosities
  Mlioglotl (Shoals:4)
  2 liches
  3 deep elf blademasters
  3 titans
  A deep elf master archer (Elf:3)
  17 Orb Guardians
  3 sphinxes (Vaults:5)
  5 quicksilver dragons
  Polyphemus (Shoals:3)
  Frances (Spider:1)
  An Executioner (D:8)
  7 death cobs
  Donald (Spider:1)
  4 tengu reavers
  4 shadow dragons
  11 storm dragons
  2 draconian monks
  3 fire giants
  2 draconian knights
  An iron dragon (Vaults:5)
  8 deep elf sorcerers
  Louise (Shoals:1)
  Aizul (Shoals:1)
  2 spectral caustic shrikes (Depths:1)
  5 emperor scorpions
  14 vault wardens
  17 very ugly things
  10 draconian scorchers
  5 frost giants
  2 draconian stormcallers
  4 ghost moths
  A draconian shifter (Zot:4)
  2 orc warlords (Vaults:3)
  7 ironbound thunderhulks
  4 draconian annihilators
  2 spriggan defenders (Depths:4)
  2 broodmothers
  14 ironbound preservers
  A cacodemon (Depths:2)
  A deep elf elementalist (Elf:3)
  A reaper (Zot:1)
  9 stone giants
  7 black draconians
  6 deep elf demonologists
  4 dire elephants
  A vampire knight (Depths:3)
  7 green draconians
  5 spark wasps
  9 deep elf annihilators
  Azrael (Orc:2)
  5 white draconians
  10 red draconians
  8 purple draconians
  2 yellow draconians
  An ettin (shapeshifter) (Vaults:5)
  4 ettins
  9 deep elf death magi
  A blizzard demon (D:15)
  6 fire dragons
  4 entropy weavers
  8 merfolk javelineers
  3 jiangshi
  Josephine (D:10)
  2 crystal guardians (Vaults:4)
  4 great orbs of eyes
  An entropy weaver (shapeshifter) (D:15)
  7 merfolk impalers
  15 yaktaur captains
  11 deep elf high priests
  4 hydras
  Harold (D:11)
  A salamander tyrant (Depths:3)
  30 vault guards
  A rakshasa (Depths:2)
  3 peacekeepers
  A jorogumo (Spider:3)
  A spriggan air mage (Depths:4)
  4 ice dragons
  Erolcha (D:11)
  2 catoblepae
  An anaconda (Lair:5)
  5 merfolk aquamancers (Shoals:3)
  3 radroaches
  7 boulder beetles
  3 ironbound frosthearts
  19 centaur warriors
  An ogre mage (Vaults:5)
  6 satyrs
  5 merfolk avatars
  2 two-headed ogres
  6 deep troll shamans
  2 vampire magi
  13 death yaks
  23 dancing weapons
  Urug (D:12)
  3 soul eaters (Depths:2)
  5 tengu warriors
  8 deep troll earth magi
  3 orc high priests
  A titan zombie (D:15)
  A spriggan berserker (Depths:2)
  12 skysharks
  18 deep elf knights
  A salamander mystic (Depths:3)
  6 sun demons
  2 sun moths (Spider:4)
  A skeletal warrior (D:15)
  Sonja (Lair:3)
  5 iron trolls
  Lodul (D:11)
  51 deep trolls
  A shadow demon (D:4)
  5 pharaoh ants
  8 sea snakes
  11 orb spiders
  A flayed ghost (Depths:2)
  3 glowing orange brains
  6 orc knights
  A sphinx zombie (D:15)
  A bog body (IceCv)
  A swamp dragon (Lair:5)
  3 steelbarb worms
  11 lindwurms
  15 deep elf archers
  26 harpies
  A harpy (shapeshifter) (D:15)
  6 wizards
  16 ironbound convokers
  28 deep elf zephyrmancers
  10 necromancers
  2 phantasmal warriors
  23 deep elf pyromancers
  A stone giant zombie (Vaults:2)
  17 wolf spiders
  3 human zombies
  34 ugly things
  5 orc sorcerers
  2 wolf spiders (shapeshifter)
  18 fauns
  6 cyclopes
  9 merfolk sirens
  2 salamanders
  18 elephants
  23 moths of wrath
  2 human skeletons (Vaults:2)
  A stone giant skeleton (Vaults:2)
  7 manticores
  15 vault sentinels
  5 black mambas
  A black mamba (shapeshifter) (Vaults:5)
  3 gargoyles (D:12)
  2 ice statues (IceCv)
  2 frost giant skeletons
  9 water nymphs
  7 torpor snails
  4 molten gargoyles (D:13)
  A torpor snail (shapeshifter) (Elf:3)
  15 cane toads
  10 demonic crawlers
  Maggie (Lair:2)
  An elf skeleton (Vaults:2)
  5 smoke demons
  4 rime drakes
  9 komodo dragons
  2 komodo dragons (shapeshifter)
  22 yaktaurs
  2 anaconda simulacra (IceCv)
  2 freezing wraiths
  4 kobold demonologists
  A red devil (Depths:2)
  3 tengu conjurers
  5 ice devils (IceCv)
  6 trolls
  A guardian mummy (D:15)
  3 meliai (Spider:3)
  25 merfolk
  10 polar bears
  2 raiju (Lair:5)
  6 hornets
  Prince Ribbit (D:5)
  4 wind drakes
  17 blink frogs
  22 tarantellas
  6 snapping turtles
  An ettin zombie (D:15)
  6 dream sheep
  28 jumping spiders
  29 slime creatures
  A slime creature (shapeshifter) (Vaults:5)
  A spriggan (shapeshifter) (Elf:1)
  3 air elementals
  8 wraiths
  4 dire elephant simulacra (IceCv)
  14 water elementals
  2 vampires (D:10)
  16 culicivoras
  A shadow (D:10)
  21 fire elementals
  43 yaks
  2 wyverns
  4 steam dragons
  2 neqoxecs (Depths:2)
  8 vampire mosquitoes
  6 basilisks
  2 human simulacra
  2 deep troll zombies (Vaults:2)
  44 redbacks
  3 harpy simulacra (IceCv)
  2 acid dragons
  8 wargs
  2 floating eyes (shapeshifter)
  15 hell hounds
  A floating eye (Depths:2)
  An ogre skeleton (Vaults:4)
  10 water moccasins
  A hydra simulacrum (IceCv)
  4 swamp drakes
  3 large abominations (Elf:1)
  An ice beast (D:6)
  41 orc warriors
  3 sky beasts
  13 black bears
  12 ogres
  19 wolves
  A wolf (shapeshifter) (Vaults:5)
  13 centaurs
  A phantom (D:4)
  3 kobold brigands
  15 bullfrogs
  3 elf zombies (Elf:1)
  A gnoll sergeant (D:8)
  3 scorpions (Lair:3)
  A glowing shapeshifter simulacrum (Vaults:4)
  4 earth elementals
  A two-headed ogre simulacrum (IceCv)
  6 wights
  5 killer bees
  9 electric eels
  A crimson imp (D:10)
  4 howler monkeys
  2 lava snakes
  2 hounds
  4 gnoll boudas
  23 orc priests
  6 jellies
  10 iguanas
  5 hell rats
  26 orc wizards
  2 yak simulacra (Lair:5)
  4 polar bear simulacra
  A spriggan simulacrum (IceCv)
  5 wolf simulacra
  20 gnolls
  4 adders
  A naga simulacrum (IceCv)
  2 shadow imps
  14 white imps
  An ufetubus (D:5)
  6 worms
  2 dart slugs (D:3)
  86 orcs
  6 ball pythons
  5 endoplasms
  5 giant cockroaches
  13 goblins
  7 hobgoblins
  2 jackals (D:3)
  12 kobolds
  2 quokkas
  7 bats
  2 frilled lizards
  A rat (D:1)
  2 river rat simulacra (Lair:5)
1940 creatures vanquished.

Vanquished Creatures (collateral kills)
  2 ancient liches (Zot:5)
  A Killer Klown (Zot:4)
  A tentacled monstrosity (Zot:2)
  3 Orb Guardians (Zot:5)
  A quicksilver dragon (Zot:5)
  A fire giant (Vaults:5)
  A storm dragon (Vaults:5)
  An iron dragon (Vaults:5)
  A vault warden (Vaults:5)
  2 stone giants
  3 ironbound preservers
  2 very ugly things
  3 yellow draconians
  A green draconian (Zot:3)
  A white draconian (Zot:2)
  5 red draconians
  2 ettins
  A deep elf death mage (Vaults:1)
  A fire dragon (Depths:4)
  2 vault guards (Vaults:5)
  A yaktaur captain (Vaults:3)
  A hydra (Lair:5)
  An ice dragon (Depths:4)
  A merfolk aquamancer (Shoals:4)
  A spriggan air mage (Depths:4)
  2 ironbound frosthearts (Vaults:4)
  4 centaur warriors
  A vampire mage (Vaults:2)
  A death yak (Lair:4)
  2 deep troll earth magi (Depths:4)
  A spriggan berserker (Depths:4)
  A deep elf knight (Shoals:3)
  A glowing orange brain (shapeshifter) (Vaults:5)
  2 iron trolls (Depths:4)
  11 deep trolls
  A deep elf archer (Shoals:3)
  3 ironbound convokers
  A glowing orange brain (Vaults:3)
  An orc knight (Vaults:3)
  A wizard (Vaults:2)
  An ugly thing zombie (Vaults:4)
  2 fauns (Shoals:4)
  3 ugly things
  A fire giant skeleton (Vaults:4)
  A salamander (Depths:2)
  A human skeleton (Vaults:5)
  2 moths of wrath
  2 vault sentinels
  5 yaktaurs
  A polar bear (Lair:5)
  4 blink frogs
  2 hornets (Depths:4)
  An ettin zombie (Vaults:5)
  3 slime creatures
  2 spriggans (Depths:4)
  2 basilisks
  5 fire elementals (Zot:4)
  A deep troll zombie (Vaults:3)
  A boggart (Vaults:3)
113 creatures vanquished.

Vanquished Creatures (others)
  An ancient lich (Zot:5)
  3 Orb Guardians (Zot:5)
  A tengu reaver (Vaults:5)
  A draconian monk (Zot:5)
  A storm dragon (Zot:5)
  A draconian knight (Zot:4)
  A deep elf sorcerer (Elf:3)
  A vault warden (Vaults:5)
  A draconian shifter (Zot:5)
  A stone giant (Vaults:5)
  A very ugly thing (Vaults:5)
  A green draconian (Zot:2)
  2 very ugly thing zombies (Vaults:5)
  3 spriggan zombies (Depths:4)
  4 Orb Guardian zombies (Zot:5)
  A storm dragon zombie (Vaults:5)
  A deep elf knight (Elf:3)
  2 golden dragon zombies
  A ghost moth zombie (Zot:4)
  A deep elf zephyrmancer (Elf:1)
  2 wizards
  A necromancer (Vaults:5)
  2 sphinx zombies (Vaults:5)
  A deep elf pyromancer (Elf:3)
  4 ugly thing zombies (Depths:2)
  A tengu skeleton (Vaults:5)
  A fire giant zombie (Vaults:5)
  2 stone giant zombies
  A moth of wrath (Zot:5)
  8 draconian zombies
  4 centaur zombies
  2 orc zombies (Vaults:3)
  A vault sentinel (Vaults:5)
  2 red draconian zombies
  A white draconian zombie (Zot:2)
  4 yaktaurs (Vaults:5)
  A black draconian zombie (Zot:4)
  2 purple draconian zombies
  An efreet (Zot:4)
  2 yellow draconian zombies (Zot:4)
  2 iron troll zombies
  2 green draconian zombies (Zot:2)
  3 moth of wrath zombies
  2 ettin zombies
  2 ice dragon zombies
  A chaos spawn (Depths:2)
  9 slime creature zombies
  15 deep troll zombies
  A tengu zombie (Depths:1)
  An entropy weaver zombie (Vaults:2)
  A hornet zombie (Depths:4)
  12 human zombies
  4 lindwurm zombies
  A salamander zombie (Depths:2)
  5 yaktaur zombies
  A wolf zombie (Vaults:5)
  A boggart zombie (Vaults:3)
  5 gnolls (D:6)
  A white imp (D:13)
  3 orcs (Orc:2)
  10 starspawn tentacles
154 creatures vanquished.

Grand Total: 2207 creatures vanquished

Notes
Turn   | Place    | Note
-------+----------+-------------------------------------------
     0 | D:1      | GeoRichter the Merfolk Gladiator began the quest for the
                  | Orb.
     0 | D:1      | Reached XP level 1. HP: 16/16 MP: 1/1
   173 | D:1      | Reached XP level 2. HP: 18/23 MP: 2/2
   531 | D:2      | Reached XP level 3. HP: 25/28 MP: 3/3
  1226 | D:3      | Reached skill level 5 in Long Blades
  1314 | D:3      | Found a transporter.
  1339 | D:3      | Found a transporter.
  1345 | D:3      | Noticed Atelerd's ghost (amateur OpEE)
  1796 | D:4      | Reached XP level 4. HP: 35/35 MP: 4/4
  1802 | D:4      | Noticed an ogre
  2034 | D:4      | Reached XP level 5. HP: 41/41 MP: 5/5
  2183 | D:4      | Noticed a phantom
  2197 | D:4      | Killed a phantom
  2215 | D:4      | Killed an ogre
  2216 | D:4      | Reached XP level 6. HP: 15/49 MP: 6/6
  2570 | D:5      | Entered Level 5 of the Dungeon
  2611 | D:5      | Reached XP level 7. HP: 55/55 MP: 7/7
  2693 | D:5      | Reached skill level 5 in Fighting
  2786 | D:5      | Identified the +2 sling of the Shrinking Genius {elec,
                  | Str+5 Dex+3}
  2847 | D:5      | Found an ornate altar of the Wu Jian Council.
  2959 | D:5      | Noticed Prince Ribbit
  2962 | D:5      | Killed Prince Ribbit
  2981 | D:5      | Reached XP level 8. HP: 64/64 MP: 8/8
  3524 | D:6      | Reached skill level 10 in Long Blades
  3695 | D:6      | Found a shimmering blue altar of Sif Muna.
  3695 | D:6      | Found a glowing golden altar of the Shining One.
  3935 | D:5      | Reached XP level 9. HP: 22/72 MP: 9/9
  4908 | D:7      | Found a staircase to the Ecumenical Temple.
  4932 | Temple   | Entered the Ecumenical Temple
  5004 | Temple   | Became a worshipper of Uskayaw the Reveller
  5034 | D:7      | Reached * piety under Uskayaw
  5045 | D:7      | Reached ** piety under Uskayaw
  5310 | D:8      | Reached *** piety under Uskayaw
  5340 | D:8      | Found an opulent altar of Gozag.
  5409 | D:8      | Found Supub's Antique Armour Shop.
  5409 | D:8      | Found Nutz's Distillery.
  5411 | D:8      | Found Zapp's General Store.
  5413 | D:8      | Found Odghyed's Magic Scroll Shop.
  5413 | D:8      | Found Naoq's Weapon Emporium.
  5419 | D:8      | Bought a potion of heal wounds for 65 gold pieces
  5505 | D:8      | Noticed a hornet
  5512 | D:8      | Reached **** piety under Uskayaw
  5517 | D:8      | Killed a hornet
  5526 | D:8      | Found a flagged portal.
  5573 | Bailey   | Entered a bailey
  5773 | Bailey   | Noticed an orc sorcerer
  5797 | Bailey   | Reached skill level 1 in Evocations
  5809 | Bailey   | Reached XP level 10. HP: 80/83 MP: 10/10
  5813 | Bailey   | Reached ***** piety under Uskayaw
  5826 | Bailey   | Killed an orc sorcerer
  5940 | Bailey   | Reached skill level 1 in Invocations
  6275 | Bailey   | Found an iron altar of Okawaru.
  6275 | Bailey   | Noticed a kobold demonologist
  6312 | Bailey   | Killed a kobold demonologist
  6313 | Bailey   | Reached skill level 5 in Dodging
  6418 | Bailey   | Acquired 759 gold pieces
  6464 | D:8      | Bought a pair of runed gloves for 180 gold pieces
  6878 | D:8      | Found a blossoming altar of Fedhas.
  6883 | D:8      | Found a sacrificial altar of Ru.
  7563 | D:9      | Reached skill level 6 in Dodging
  7643 | D:9      | Acquired a +3 antimagic demon blade
  7730 | D:8      | Bought a scroll of enchant weapon for 82 gold pieces
  7730 | D:8      | Bought a scroll of enchant weapon for 82 gold pieces
  7730 | D:8      | Bought a scroll of blinking for 82 gold pieces
  7730 | D:8      | Bought a scroll of vulnerability for 44 gold pieces
  7901 | D:9      | Reached skill level 10 in Fighting
  8004 | D:9      | Found a broken altar of Ashenzari.
  8056 | D:9      | Identified the +0 ring mail "Extuuqix" {Dex+3}
  8069 | D:10     | Entered Level 10 of the Dungeon
  8106 | D:10     | Noticed Josephine
  8121 | D:10     | Killed Josephine
  8122 | D:10     | Reached XP level 11. HP: 61/90 MP: 4/13
  8139 | D:10     | Noticed an orange crystal statue
  8163 | D:10     | Reached skill level 7 in Dodging
  8165 | D:10     | Reached ****** piety under Uskayaw
  8333 | D:8      | Bought a potion of curing for 45 gold pieces
  8333 | D:8      | Bought a potion of curing for 45 gold pieces
  8333 | D:8      | Bought a potion of cancellation for 120 gold pieces
  8333 | D:8      | Bought a potion of curing for 45 gold pieces
  8333 | D:8      | Bought a potion of heal wounds for 75 gold pieces
  8333 | D:8      | Bought a potion of cancellation for 120 gold pieces
  8333 | D:8      | Bought a potion of curing for 45 gold pieces
  8563 | D:10     | Noticed a wizard
  8573 | D:10     | Killed a wizard
  8574 | D:10     | Reached skill level 5 in Invocations
  8625 | D:10     | Noticed a centaur warrior
  8627 | D:10     | Noticed a cyclops
  8631 | D:10     | Noticed a boulder beetle
  8632 | D:10     | Killed a centaur warrior
  8641 | D:10     | Killed a cyclops
  8642 | D:10     | Reached skill level 5 in Shields
  8663 | D:10     | Killed a boulder beetle
  8711 | D:10     | Reached skill level 8 in Dodging
  8737 | D:10     | Identified the +7 halberd "Etureung" {drain, *Slow Will++
                  | Str-2 Dex+8}
  8864 | D:10     | Noticed a cyclops
  8872 | D:10     | Killed a cyclops
  8893 | D:10     | Found a stormy altar of Qazlal.
  9145 | D:10     | Noticed a six-headed hydra
  9157 | D:10     | Killed an 11-headed hydra
  9532 | D:11     | Reached XP level 12. HP: 89/100 MP: 16/16
  9595 | D:11     | Noticed a boulder beetle
  9598 | D:11     | Found a staircase to the Lair.
  9607 | D:11     | Noticed Erolcha
  9611 | D:11     | Killed a boulder beetle
  9616 | D:11     | Killed Erolcha
  9617 | D:11     | Reached skill level 9 in Dodging
  9810 | D:11     | Noticed a two-headed ogre
  9816 | D:11     | Killed a two-headed ogre
  9845 | D:11     | Noticed Lodul
  9938 | D:11     | Killed Lodul
 10121 | D:11     | Noticed Harold
 10133 | D:11     | Killed Harold
 10521 | Lair:1   | Entered Level 1 of the Lair of Beasts
 10653 | Lair:1   | Reached skill level 10 in Dodging
 11316 | Lair:2   | Noticed a four-headed hydra
 11332 | Lair:2   | Noticed a death yak
 11370 | Lair:1   | Killed an 11-headed hydra
 11464 | Lair:2   | Reached XP level 13. HP: 101/108 MP: 19/19
 11477 | Lair:2   | Noticed Maggie
 11492 | Lair:2   | Killed Maggie
 12251 | Lair:2   | Reached skill level 11 in Dodging
 12388 | Lair:2   | Reached skill level 10 in Shields
 12468 | Lair:3   | Identified the +0 chain mail "Ninyjurr" {rPois Int+5
                  | Slay+2}
 12545 | Lair:3   | Noticed Sonja
 12551 | Lair:3   | Killed Sonja
 12587 | Lair:3   | Identified the +1 robe "Boenus" {rElec rPois}
 12592 | Lair:3   | Found a hole to the Spider Nest.
 12898 | Lair:3   | Found a staircase to the Shoals.
 13133 | Lair:3   | Reached skill level 1 in Armour
 13512 | Lair:4   | Reached XP level 14. HP: 22/118 MP: 18/21
 13706 | Lair:4   | Reached skill level 10 in Invocations
 14105 | Lair:5   | Entered Level 5 of the Lair of Beasts
 15074 | Lair:5   | Found a staircase to the Slime Pits.
 15090 | Lair:5   | Reached XP level 15. HP: 93/126 MP: 10/23
 15555 | Lair:5   | Identified the scarf of Prudence {repulsion, rF++ rC-}
 16192 | D:12     | Found Ohuqaim's Jewellery Boutique.
 16194 | D:12     | Bought the ring "Olitafy" {rElec rPois Dex+6 Slay+2} for
                  | 939 gold pieces
 16400 | D:12     | Found Viuppihu's Armour Shop.
 16544 | D:12     | Noticed Urug
 16553 | D:12     | Killed Urug
 16554 | D:12     | Reached skill level 5 in Armour
 16657 | D:12     | Found a staircase to the Orcish Mines.
 16702 | D:12     | Identified the +1 animal skin of Husoll {Int+5 Stlth+}
 16933 | Orc:1    | Entered Level 1 of the Orcish Mines
 17463 | Orc:2    | Entered Level 2 of the Orcish Mines
 17463 | Orc:2    | Found a staircase to the Elven Halls.
 17511 | Orc:2    | Noticed Azrael
 17526 | Orc:2    | Killed Azrael
 17691 | Orc:2    | Noticed Saint Roka
 18135 | Orc:2    | Killed Saint Roka
 18141 | Orc:2    | Reached skill level 12 in Dodging
 18156 | Orc:2    | Found Wirroziy's Antique Weapon Emporium.
 18167 | Orc:2    | Paralysed by an orc sorcerer for 2 turns
 18188 | Orc:2    | Found Pufusyni's Jewellery Emporium.
 18513 | Orc:2    | Found Meoxiuxa's Antique Armour Emporium.
 18519 | Orc:2    | Bought a glowing hat for 189 gold pieces
 18528 | Orc:2    | Found Urolusch Beve's General Store.
 18674 | Orc:2    | Reached skill level 15 in Fighting
 18674 | Orc:2    | Reached skill level 5 in Evocations
 18747 | Orc:1    | Found Luir's Jewellery Boutique.
 18987 | D:13     | Found a frozen archway.
 19021 | IceCv    | Entered an ice cave
 19187 | IceCv    | Reached XP level 16. HP: 105/136 MP: 25/25
 20085 | D:13     | Found a gate to the Vaults.
 20488 | D:14     | Reached skill level 13 in Dodging
 20766 | D:14     | Found a hazy altar of Hepliaklqana.
 20804 | D:14     | Identified the +4 longbow of Nuqeaneigi {drain, rC+ rN+
                  | Int+3 Dex-3 SInv}
 21118 | D:15     | Entered Level 15 of the Dungeon
 21293 | D:15     | Found Kuhumode's Antique Weapon Emporium.
 21410 | D:15     | Found a staircase to the Depths.
 22186 | Spider:1 | Entered Level 1 of the Spider Nest
 22833 | Spider:1 | Reached skill level 1 in Stealth
 22873 | Spider:1 | Noticed Frances
 23030 | Spider:1 | Killed Frances
 23360 | Spider:1 | Noticed Donald
 23378 | Spider:1 | Killed Donald
 23725 | Spider:2 | Reached XP level 17. HP: 133/144 MP: 27/27
 23767 | Spider:2 | Reached skill level 14 in Dodging
 24821 | Spider:2 | Noticed Nikola
 24838 | Spider:2 | Killed Nikola
 24839 | Spider:2 | Reached skill level 1 in Transmutations
 25153 | Spider:2 | Reached skill level 1 in Spellcasting
 25189 | Spider:2 | Learned a level 5 spell: Yara's Violent Unravelling
 25894 | Spider:2 | Reached skill level 5 in Transmutations
 26427 | Spider:3 | Identified Roxanne's Anthology of Cleavage
 26427 | Spider:3 | Noticed Roxanne
 26763 | Spider:4 | Entered Level 4 of the Spider Nest
 27109 | Spider:4 | Reached skill level 1 in Hexes
 27929 | Spider:4 | Reached XP level 18. HP: 149/152 MP: 28/28
 28053 | Spider:4 | Got a gossamer rune of Zot
 28249 | Shoals:1 | Entered Level 1 of the Shoals
 28289 | Shoals:1 | Reached skill level 5 in Spellcasting
 28322 | Shoals:1 | Reached skill level 5 in Hexes
 28921 | Shoals:1 | Noticed Aizul
 28945 | Shoals:1 | Killed Aizul
 29006 | Shoals:1 | Reached skill level 10 in Transmutations
 29052 | Shoals:1 | Noticed Louise
 29075 | Shoals:1 | Killed Louise
 29868 | Shoals:2 | Found Naxkeib's Antique Weapon Shop.
 30952 | Shoals:3 | Noticed Polyphemus
 30978 | Shoals:3 | Killed Polyphemus
 30983 | Shoals:3 | Reached XP level 19. HP: 97/158 MP: 20/29
 30985 | Shoals:3 | Reached skill level 10 in Hexes
 31411 | Shoals:4 | Entered Level 4 of the Shoals
 31858 | Shoals:4 | Got a barnacled rune of Zot
 32215 | Shoals:4 | Identified the +5 battleaxe "Hydrabane" {flame, rF+ rN++
                  | Dex-4}
 32270 | Shoals:4 | Noticed Mlioglotl
 32291 | Shoals:4 | Killed Mlioglotl
 32929 | Elf:1    | Entered Level 1 of the Elven Halls
 33446 | Elf:1    | Noticed Zenata
 33458 | Elf:1    | Killed Zenata
 33531 | Elf:1    | Reached skill level 15 in Dodging
 33788 | Elf:1    | Got the Textbook on Cadavers
 34057 | Elf:2    | Found Dasutz's Armour Shoppe.
 34588 | Elf:2    | Found an ancient bone altar of Kikubaaqudgha.
 34623 | Elf:2    | Reached XP level 20. HP: 141/162 MP: 14/30
 34861 | Elf:2    | Found a runed translucent gate.
 34871 | Elf:2    | Found a runed translucent gate.
 34871 | Elf:2    | Found a runed translucent gate.
 35440 | Elf:2    | Reached skill level 16 in Dodging
 35723 | Elf:3    | Entered Level 3 of the Elven Halls
 35829 | Elf:3    | Found Tacod's Weapon Shop.
 35977 | Elf:3    | Identified the +1 robe "Zoiritzu" {rF+ rCorr}
 36444 | Abyss:2  | Cast into level 2 of the Abyss (a deep elf sorcerer)
 36497 | Abyss:3  | Found a corrupted altar of Lugonu.
 36503 | Abyss:3  | Fell from the grace of Uskayaw
 36503 | Abyss:3  | Became a worshipper of Lugonu the Unformed
 36503 | Abyss:3  | Reached * piety under Lugonu
 36503 | Abyss:3  | Reached ** piety under Lugonu
 36504 | Elf:3    | Escaped the Abyss
 36570 | Elf:3    | Paralysed by an air elemental for 1 turns
 36654 | Abyss:3  | Cast into level 3 of the Abyss (a deep elf sorcerer)
 36655 | Abyss:3  | Got an abyssal rune of Zot
 36656 | Elf:3    | Escaped the Abyss
 37019 | Elf:3    | Noticed a Tzitzimitl
 37474 | Elf:3    | Reached skill level 15 in Transmutations
 37565 | Elf:3    | Reached skill level 15 in Invocations
 37565 | Elf:3    | Paralysed by the fury of Uskayaw for 5 turns
 37899 | Elf:3    | Got Sif Muna's Verses on Malisons and Ectoplasm
 37920 | Elf:3    | Got Sif Muna's Almanac of the Sea
 37923 | Elf:3    | Identified the ring "Feru Zagakk" {rF+ rN+ Will- Str+7
                  | Dex+3}
 37925 | Elf:3    | Identified the +0 plate armour of the Valley {*Corrode
                  | Str+4 Stlth+}
 37956 | Elf:3    | Identified the +8 dagger "Asunnuri" {protect, rPois rF+
                  | Str-4 Dex+3}
 37991 | Elf:3    | Got the Collected Works on Alteration
 37997 | Elf:3    | Learned a level 4 spell: Animate Dead
 37998 | Elf:3    | Found the +3 hat of Pondering {ponderous, Will+ MP+10
                  | Int+5}
 38006 | Elf:3    | Got the Octavo of Displaced Misfortune
 38017 | Elf:3    | Identified the +10 flail "Hell-Harrower" {freeze, rElec rC+
                  | Int+3}
 38037 | Elf:3    | Identified the ring "Eluenumo" {rC+ rN+ Will- rCorr Dex+5}
 38057 | Elf:3    | Identified the +3 battleaxe of the Special Lovers {drain,
                  | Dex+3}
 38284 | Vaults:1 | Entered Level 1 of the Vaults
 38299 | Vaults:1 | You are sucked into a shaft and drop 1 floor!
 38316 | Vaults:2 | Reached skill level 17 in Dodging
 38476 | Vaults:2 | Reached skill level 1 in Necromancy
 38526 | Vaults:2 | Reached XP level 21. HP: 168/177 MP: 32/32
 38589 | Vaults:2 | Reached *** piety under Lugonu
 39144 | Vaults:1 | Was forgiven by Uskayaw
 39187 | Vaults:1 | Reached **** piety under Lugonu
 39590 | Vaults:1 | Reached skill level 5 in Necromancy
 39803 | Vaults:1 | Identified the +8 battleaxe "Worm's Wrath" {heavy, rF-
                  | Int+3 Dex+7}
 39813 | Vaults:1 | Reached ***** piety under Lugonu
 39873 | Vaults:1 | Reached skill level 18 in Dodging
 40620 | Vaults:2 | Identified the ring "Etuuwiom" {Fly AC+4}
 40777 | Vaults:2 | Identified the +1 leather armour of the Evening {rPois rN+}
 40778 | Vaults:2 | Identified the +4 sling of Magnificence {antimagic, Will+
                  | SInv}
 40785 | Vaults:2 | Identified the staff of cold "Migune" {rC+ Str+3}
 41404 | Vaults:2 | Found a staircase to the Crypt.
 41511 | Vaults:3 | Reached XP level 22. HP: 181/186 MP: 34/34
 41960 | Vaults:3 | Reached ****** piety under Lugonu
 42724 | Vaults:3 | Identified a +8 demon blade of distortion (a +6 demon blade
                  | of electrocution corrupted by Lugonu)
 42724 | Vaults:3 | Received a gift from Lugonu
 43423 | Vaults:4 | Reached skill level 19 in Dodging
 43573 | Vaults:4 | Found Zaihack's General Store.
 43689 | Vaults:4 | Paralysed by a great orb of eyes for 3 turns
 44417 | Vaults:4 | Bought the ring "Nicu Ahe" {rC+ Will+} for 429 gold pieces
 44528 | Vaults:5 | Entered Level 5 of the Vaults
 44945 | Vaults:5 | Corrupted Vaults:5
 45168 | Vaults:5 | Identified the staff of poison "Ibiq" {rPois rC+ Str+3}
 45187 | Vaults:5 | Identified the staff of death "Zoet" {Drain rElec rF++ rN+
                  | rCorr}
 45220 | Vaults:5 | Reached XP level 23. HP: 191/196 MP: 35/35
 45559 | Vaults:5 | Reached skill level 20 in Dodging
 45774 | Vaults:5 | Noticed a dread lich
 45797 | Vaults:5 | Killed a dread lich
 46144 | Vaults:5 | Reached skill level 15 in Shields
 46322 | Vaults:5 | Learned a level 6 spell: Statue Form
 46424 | Vaults:5 | Reached skill level 1 in Earth Magic
 46546 | Vaults:5 | Identified the +2 leather armour of Scuffed Awe {Harm
                  | Regen+ Stlth+}
 46828 | Vaults:5 | Got the Anthology of Hail and the Cemetery
 46830 | Vaults:5 | Got a silver rune of Zot
 46849 | Vaults:5 | Noticed a golden dragon
 46854 | Vaults:5 | Killed a golden dragon
 47362 | Depths:1 | Entered Level 1 of the Depths
 47477 | Depths:1 | Found a gateway to Hell.
 47518 | Depths:1 | Found a one-way gate to the infinite horrors of the Abyss.
 47950 | Depths:1 | Reached skill level 5 in Earth Magic
 48231 | Depths:1 | Found Ivolaph's Assorted Antiques.
 48239 | Depths:1 | Bought a scroll of enchant armour for 217 gold pieces
 48528 | Depths:2 | Found an ancient bone altar of Kikubaaqudgha.
 48848 | Depths:2 | Reached XP level 24. HP: 182/205 MP: 35/36
 49354 | Depths:2 | Found a one-way gateway to a ziggurat.
 49584 | Depths:2 | Noticed a juggernaut
 49594 | Depths:2 | Banished a juggernaut
 49641 | Depths:2 | Acquired the amulet "Fianangawn" {Reflect rF+ rN+ Will+
                  | Int+5 SH+5}
 49885 | Depths:2 | Found a one-way gate leading to the halls of Pandemonium.
 49915 | Depths:2 | Gained mutation: Potions are less effective at restoring
                  | your health. [a neqoxec]
 50479 | Depths:3 | Identified the +2 arbalest of Deguehas {heavy, Int+3}
 50518 | Depths:3 | Reached skill level 10 in Earth Magic
 50909 | Depths:3 | Identified the ring of the Median {rPois rCorr MP+9 AC+4}
 50987 | Depths:3 | Found Emuesuhe's Magic Scroll Shoppe.
 50995 | Depths:3 | Bought a scroll of summoning for 161 gold pieces
 51647 | Depths:4 | Entered Level 4 of the Depths
 51731 | Depths:4 | Noticed a juggernaut
 51732 | Depths:4 | Found a runed translucent door.
 51750 | Depths:4 | Banished a juggernaut
 51753 | Depths:4 | Noticed faxtax's ghost (veteran MiFi)
 51809 | Depths:4 | Found a flickering gateway to a bazaar.
 51826 | Bazaar   | Entered a bazaar
 52101 | Bazaar   | Gained mutation: Armour fits poorly on your strangely
                  | shaped body. [mutagenic glow]
 52155 | Bazaar   | Found Ypiv Lad's Jewellery Boutique.
 52186 | Bazaar   | Found Oschefryn's Antique Armour Shoppe.
 52208 | Bazaar   | Found Neapsied's Assorted Antiques.
 52229 | Bazaar   | Found Fuics's Antique Weapon Emporium.
 52422 | Depths:4 | Identified the +9 glaive of the Last Moons {heavy, rF++}
 52797 | Depths:4 | Lost mutation: Armour fits poorly on your strangely shaped
                  | body. [potion of mutation]
 52797 | Depths:4 | Lost mutation: Potions are less effective at restoring your
                  | health. [potion of mutation]
 52797 | Depths:4 | Gained mutation: You are agile. (Dex +4, Str/Int -1)
                  | [potion of mutation]
 52797 | Depths:4 | Gained mutation: You are resistant to electric shocks.
                  | (rElec) [potion of mutation]
 53136 | Depths:4 | Found a gate to the Realm of Zot.
 53734 | Zot:1    | Entered Level 1 of the Realm of Zot
 54185 | Zot:1    | Noticed Grunn
 54218 | Zot:1    | Banished Grunn
 54626 | Zot:1    | Reached XP level 25. HP: 108/212 MP: 36/36
 55951 | Zot:2    | Identified the +5 scimitar of Torph {flame, rF+ rC+}
 56067 | Zot:2    | Found a transporter.
 56245 | Zot:2    | Found a transporter.
 56831 | Zot:3    | Noticed a Killer Klown
 56856 | Zot:3    | Reached skill level 15 in Earth Magic
 56888 | Zot:2    | Killed a Killer Klown
 58402 | Zot:4    | Found a glowing golden altar of the Shining One.
 58666 | Zot:4    | Noticed a Killer Klown
 58691 | Zot:4    | Killed a Killer Klown
 58916 | Zot:4    | Reached skill level 21 in Dodging
 59264 | Zot:4    | Paralysed by a Zot trap for 3 turns
 59277 | Zot:4    | Gained mutation: You are weak. (Str -2) [mutagenic glow]
 59293 | Zot:4    | Lost mutation: You are agile. (Dex +4, Str/Int -1)
                  | [mutagenic glow]
 59298 | Zot:4    | Lost mutation: You are resistant to electric shocks.
                  | (rElec) [mutagenic glow]
 59553 | Zot:4    | Identified the ring of Gumuxov {rElec rPois rN++ rCorr
                  | Int-4}
 59576 | Zot:4    | Reached XP level 26. HP: 217/220 MP: 32/36
 59749 | Zot:4    | Got Sif Muna's Omnibus of Modification
 59774 | Zot:4    | Learned a level 2 spell: Wereblood
 60487 | Zot:4    | Reached skill level 10 in Evocations
 60518 | Zot:5    | Entered Level 5 of the Realm of Zot
 60518 | Zot:5    | Found a transporter.
 60518 | Zot:5    | Found a transporter.
 60532 | Zot:5    | Noticed an orb of fire
 60533 | Zot:5    | Gained mutation: Armour fits poorly on your strangely
                  | shaped body. [an orb of fire]
 60727 | Zot:5    | Noticed an ancient lich
 60738 | Zot:5    | Corrupted Zot:5
 60743 | Zot:5    | Killed an ancient lich
 60914 | Zot:5    | Noticed an orb of fire
 60928 | Zot:5    | Noticed a dread lich
 60935 | Zot:5    | Gained mutation: You occasionally lose the ability to read
                  | scrolls when taking damage. [an orb of fire]
 60939 | Zot:5    | Noticed an orb of fire
 61166 | Zot:4    | Lost mutation: Armour fits poorly on your strangely shaped
                  | body. [potion of mutation]
 61166 | Zot:4    | Lost mutation: You occasionally lose the ability to read
                  | scrolls when taking damage. [potion of mutation]
 61166 | Zot:4    | Gained mutation: You are agile. (Dex +4, Str/Int -1)
                  | [potion of mutation]
 61170 | Zot:5    | Noticed an orb of fire
 61170 | Zot:5    | Lost mutation: You are weak. (Str -2) [an orb of fire]
 61199 | Zot:5    | Killed an orb of fire
 61202 | Zot:5    | Gained mutation: Your magical capacity is low. (-10% MP)
                  | [an orb of fire]
 61206 | Zot:5    | Killed an orb of fire
 61219 | Zot:5    | Killed an orb of fire
 61242 | Zot:5    | Noticed an orb of fire
 61246 | Zot:5    | Killed an orb of fire
 61262 | Zot:5    | Killed an orb of fire
 61271 | Zot:5    | Killed a dread lich
 61406 | Zot:5    | Noticed a Killer Klown
 61413 | Zot:5    | Noticed a dread lich
 61415 | Zot:5    | a Killer Klown changed into a golden dragon
 61428 | Zot:5    | Killed a dread lich
 61443 | Zot:5    | Noticed an ancient lich
 61446 | Zot:5    | Noticed a dread lich
 61448 | Zot:5    | Noticed an ancient lich
 61452 | Zot:5    | Killed an ancient lich
 61458 | Zot:5    | Killed a dread lich
 61461 | Zot:5    | Killed an ancient lich
 61772 | Zot:5    | Noticed a dread lich
 61791 | Zot:5    | Killed a dread lich
 61791 | Zot:5    | Noticed an ancient lich
 61810 | Zot:5    | Killed an ancient lich
 61811 | Zot:5    | Reached skill level 22 in Dodging
 61901 | Zot:5    | Noticed a Killer Klown
 61921 | Zot:5    | a Killer Klown changed into a titan
 62024 | Zot:5    | Got the Orb of Zot
 62869 | D:$      | Escaped with the Orb!

Illustrated notes

Levels and vault maps discovered:
D:1:      lemuel_arrival_funnel, layout_rooms
D:2:      layout_basic
D:3:      layout_basic, gammafunk_ghost_stat_death, st_stairs_13, nrook_campfire
D:4:      layout_loops_cross
D:5:      layout_cave_pods, pdpol_wu_jian_five_deadly_venoms,
          serial_column_ruins, column_ruins_hut, column_ruins_columns_corner,
          column_ruins_open_small, column_ruins_grid_1,
          column_ruins_corridor_straight, minmay_misc_feat_square,
          uniq_prince_ribbit1
D:6:      layout_rooms, gammafunk_temple_overflow_statue, supply_closet_lemuel,
          corexii_corridor_pit, hangedman_decor_opposing
D:7:      layout_loops_ring, minmay_temple_entry_poolview,
          roderic_roman_lattice, kennysheep_boxes
D:8:      layout_basic, grunt_gozag_breadcrumbs, nicolae_overflow_hidden_temple,
          enter_bailey_2, minivault_14, nicolae_wooded_promenade,
          hangedman_decor_push, dk_noncrumbling_3
D:9:      layout_irregular_city, mainiacjoe_overflow_alcove_4,
          lightli_orcish_oven
D:10:     minmay_shrinking_squares, layout_long_grid, lemuel_doored_altar,
          chequers_jeans, minivault_16, lightli_wizard_tower, uniq_josephine
D:11:     layout_roguey, lair_entry_dummy, uniq_harold, uniq_lodul, uniq_erolcha
D:12:     layout_rooms, erik_orc_1, serial_shops, shop,
          nicolae_shop_hallway_stairs, uniq_urug
D:13:     layout_gridville, erik_vaults_2, portal_ice_cave_entry_imps,
          grunt_decor_junction, minivault_8
D:14:     layout_irregular_city, nicolae_hepliaklqana_hazy_memory
D:15:     gammafunk_depths_entry_grave, layout_irregular_city, serial_shops,
          shop
Temple:   nicolae_temple_god_jail
Lair:1:   layout_regular_city
Lair:2:   layout_cave_pods, serial_bayou_pond_e, beast_lair_carwin_6,
          grunt_megastairs_4, infiniplex_staircase_pool_2, uniq_maggie
Lair:3:   layout_roguey, minmay_shoals_entry_centaurs,
          nicolae_spider_entry_non_spiders, hangedman_lair_unloving_vines,
          chequers_serial_rivers_small_3, serial_bayou_shore_b, uniq_sonja
Lair:4:   layout_hall_layers
Lair:5:   hangedman_lair_caniforms_friends, layout_regular_city,
          guppyfry_lair_end_dragon, nicolae_slime_entry_field_trip,
          chequers_serial_rivers_micro_c, eino_house_with_fridge
Shoals:1: layout_shoals, uniq_aizul, uniq_louise
Shoals:2: layout_shoals, serial_shops, nicolae_shop_waterfront
Shoals:3: nicolae_shoals_deep_elves_summer_vacation, layout_shoals,
          nicolae_shoals_water_shrine, uniq_polyphemus
Shoals:4: shoals_end_grunt_garden, layout_shoals, uniq_mlioglotl
Spider:1: layout_spider_delve, uniq_frances, uniq_donald
Spider:2: layout_cave_pods, uniq_nikola
Spider:3: layout_spider_delve, nicolae_spider_webbed_stairs, uniq_roxanne
Spider:4: spider_rune_water, hangedman_spider_tarantella_strand
Orc:1:    layout_caves, serial_shops, shop, nicolae_orc_damp_corner
Orc:2:    grunt_orc_cross, layout_caves, dreamdust_deal_with_the_devil,
          uniq_azrael
Elf:1:    layout_gridlike, minmay_elf_necromancy, lemuel_flamethrower_2,
          grunt_megastairs_3, uniq_zenata
Elf:2:    nicolae_elf_blades_crystal_corner, layout_loops_ring, basic_altar,
          serial_shops, shop, grunt_megastairs_5
Elf:3:    minmay_elf_hall_hex, layout_geoelf_octagon, serial_shops,
          nicolae_square_shop
Vaults:1: v_pattern_3, grunt_vaults_hallway_long, st_check,
          ontoclasm_vaults_pinch, hangedman_vaults_cutoff,
          nicolae_vaults_closet_pinwheel_4, nicolae_vaults_trapezoid_lopsided_3,
          layout_vaults_omnigrid
Vaults:2: v_rooms_1, nicolae_vaults_cochlea, nicolae_vaults_closet_pinwheel_3,
          nicolae_vaults_spaceships, vaults_standard_mumra_x,
          nicolae_vaults_diamond_1, nicolae_vaults_doubleplus_tesselated,
          nicolae_vaults_diagonal_hallway_6, v_misc_19,
          minmay_crypt_entry_simple_sparse, nicolae_vaults_oval_intersection,
          vaults_room_pool, vaults_dpeg_hooks,
          nicolae_vaults_storing_the_good_stuff, layout_vaults_omnicross
Vaults:3: nicolae_vaults_tetromino_L_2, hangedman_vaults_variations,
          nicolae_vaults_wrenched, nicolae_vaults_weapon_check,
          nicolae_vaults_house_1, nicolae_vaults_closet_pinwheel_3,
          v_alt_pattern_6, nicolae_vaults_alarming, ontoclasm_vaults_gateway,
          layout_vaults_chaotic_city
Vaults:4: nicolae_vaults_storage_closets_1, nicolae_vaults_network_barrier,
          nicolae_vaults_little_squares_6, v_misc_1,
          nicolae_vaults_door_testing_chamber,
          nicolae_vaults_offset_grid_hallway_4, hangedman_vaults_stitches,
          ontoclasm_vaults_fault, vaults_room_pools, v_rooms_3,
          vaults_dpeg_doors, ontoclasm_vaults_hangar,
          nicolae_vaults_little_squares_6, layout_vaults_maze, serial_shops,
          nicolae_shop_tiny_glass
Vaults:5: serial_shops
Depths:1: layout_gridlike, kennysheep_doodads, pf_hell_entry_tar_river,
          abyss_entry, serial_shops, nicolae_shop_tiny_glass,
          kennysheep_generic_room_3
Depths:2: minmay_bloctagon, layout_gridlike, enter_ziggurat_a,
          lemuel_round_altar, hellmouth_3, grunt_pan_entry_in_and_out,
          hangedman_abyss_or_decor_lesser_grid, minmay_protected_statue,
          infiniplex_staircase_zigzag_3
Depths:3: minmay_tri_box, layout_basic, minmay_misc_feat_room, serial_curves,
          eino_curves_02, eino_curves_02, eino_curves_03, abyss_entry,
          serial_shops, shop, hell_entry
Depths:4: evilmike_zot_entry_round, layout_basic, serial_shops, bzr_entry_gold,
          pf_coc_iceberg, ebering_ghost_reflecting_pool, uniq_josephina
Zot:1:    layout_onion_interference, grunt_ministairs_13, uniq_grunn
Zot:2:    gammafunk_its_a_trap, layout_basic
Zot:3:    layout_gridlike
Zot:4:    lemuel_firehouse, layout_concentric_octagons, basic_altar
Zot:5:    layout_misc_corridors, gammafunk_ghost_crypt, nicolae_diode_stairs

Skill      XL: |  1  2  3  4  5  6  7  8  9 10 11 12 13 14 15 16 17 18 19 20 21 22 23 24 25 26 |
---------------+-------------------------------------------------------------------------------+-----
Long Blades    | 4 5 7 9 11 13 14 | 14.0
Fighting       | 3 4 5 7 9 10 11 12 13 14 15 16 17 18 19 20 21 | 21.6
Evocations     | 1 4 5 7 8 9 11 | 11.5
Invocations    | 3 6 8 9 11 12 13 14 15 16 17 18 19 | 19.5
Dodging        | 6 8 10 11 12 13 14 15 17 18 19 20 21 22 | 22.3
Shields        | 2 6 9 11 13 14 15 16 | 16.7
Armour         | 2 4 5 7 |  7.0
Stealth        | 1 4 |  4.0
Transmutations | 8 12 14 15 | 15.2
Spellcasting   | 4 6 |  6.0
Hexes          | 3 9 12 13 | 13.0
Necromancy     | 1 6 9 |  9.7
Earth Magic    | 7 13 15 | 15.1
Throwing       | |  2.0

Action                     |  1- 3 |  4- 6 |  7- 9 | 10-12 | 13-15 | 16-18 | 19-21 | 22-24 | 25-27 || total
---------------------------+-------+-------+-------+-------+-------+-------+-------+-------+-------++-------
  Melee: Long sword        |    95 |    76 |   322 |   127 |       |       |       |       |       ||   620
         Punch             |     1 |       |     6 |     3 |       |       |       |       |       ||    10
         Tailslap          |       |       |     6 |    12 |       |       |       |       |       ||    18
         Great sword       |       |       |       |    52 |       |       |       |       |       ||    52
         Demon blade       |       |       |       |   373 |  1220 |  1446 |  1629 |  1630 |   905 ||  7203
   Fire: Sling             |       |       |    61 |       |       |       |       |       |       ||    61
  Throw: Javelin           |       |     5 |     5 |     8 |    17 |    32 |     3 |     1 |       ||    71
         Throwing net      |       |     1 |       |     4 |     8 |     1 |       |       |       ||    14
   Cast: Yara's Violent Un |       |       |       |       |       |       |    59 |    24 |     1 ||    84
         Animate Dead      |       |       |       |       |       |       |     4 |    20 |    16 ||    40
         Statue Form       |       |       |       |       |       |       |       |     8 |    25 ||    33
         Wereblood         |       |       |       |       |       |       |       |       |     4 ||     4
 Invoke: Stomp             |       |       |     6 |     8 |    29 |    30 |     7 |       |       ||    80
         Line Pass         |       |       |       |     4 |     7 |     4 |       |       |       ||    15
         Grand Finale      |       |       |       |       |     3 |     1 |       |       |       ||     4
         Depart the Abyss  |       |       |       |       |       |       |     2 |       |       ||     2
         Banish            |       |       |       |       |       |       |     1 |     6 |       ||     7
         Corrupt           |       |       |       |       |       |       |       |     1 |     1 ||     2
         Brand Weapon With |       |       |       |       |       |       |       |     1 |       ||     1
  Evoke: Wand              |       |       |     4 |    12 |     4 |     4 |     8 |     1 |     2 ||    35
         Condenser vane    |       |       |       |     1 |     2 |     2 |     1 |     1 |     1 ||     8
         Box of beasts     |       |       |       |       |       |     1 |     2 |     1 |       ||     4
         Phantom mirror    |       |       |       |       |       |       |     1 |       |     1 ||     2
    Use: Scroll            |     4 |     2 |     4 |    17 |    21 |    11 |    10 |     7 |    11 ||    87
         Potion            |       |       |       |     1 |     3 |     8 |     4 |    10 |    13 ||    39
   Stab: Paralysed         |       |       |     2 |    26 |   101 |   131 |    64 |       |       ||   324
         Sleeping          |       |       |     1 |       |     4 |    15 |    19 |    12 |     4 ||    55
         Confused          |       |       |       |     2 |     1 |     1 |       |       |       ||     4
         Distracted        |       |       |       |     1 |     3 |     6 |    11 |    11 |    23 ||    55
         Held in net/web   |       |       |       |       |     2 |       |       |       |       ||     2
         Invisible         |       |       |       |       |       |     1 |       |     3 |       ||     4
 Armour: Leather armour    |    39 |       |       |       |       |       |       |       |       ||    39
         Ring mail         |       |    18 |    31 |       |       |       |       |       |       ||    49
         Steam dragon scal |       |       |    45 |   121 |    42 |       |       |       |       ||   208
         Shadow dragon sca |       |       |       |       |    52 |       |       |       |       ||    52
         Acid dragon scale |       |       |       |       |   175 |   211 |   167 |    60 |       ||   613
         Quicksilver drago |       |       |       |       |       |       |       |   107 |    38 ||   145
         Skin              |       |       |       |       |       |       |       |    55 |   114 ||   169
  Dodge: Dodged            |    77 |    48 |   175 |   276 |   654 |   917 |   929 |  1011 |   822 ||  4909
         Repelled          |       |       |       |       |    12 |     5 |     2 |     2 |       ||    21
  Block: Kite shield       |       |       |       |   184 |   840 |  1186 |  1097 |  1306 |  1118 ||  5731
         Reflection        |       |       |       |       |       |       |       |     5 |    18 ||    23
